 Dungeon Crawl Stone Soup version 0.31-a0-210-gccc998df9b (webtiles) character file.

Game seed: 15178497392086765548

117 qw the Shooter (level 4, -3/36 HPs)
             Began as a Minotaur Hexslinger on June 29, 2023.
             Constricted to death by Ijyb (4 damage)
             ... on level 3 of the Dungeon.
             The game lasted 00:00:49 (2051 turns).

qw the Shooter (Minotaur Hexslinger)                Turns: 2051, Time: 00:00:50

Health: -3/36      AC:  5    Str: 13    XL:     4   Next: 71%
Magic:  4/4        EV:  8    Int: 10    God:
Gold:   216        SH:  0    Dex: 14    Spells: 4/5 levels left

rFire   . . .        Y - +1 sling
rCold   . . .        (no shield)
rNeg    . . .        e - +0 ring mail
rPois   .            (helmet restricted)
rElec   .            (no cloak)
rCorr   .            (no gloves)
SInv    .            (no boots)
Will    .....        (no amulet)
Stlth   +            (no ring)
HPRegen 0.26/turn    (no ring)
MPRegen 0.09/turn

%: no passive effects
@: about to teleport, grasped by roots, constricted
A: horns 2, retaliatory headbutt
a: no special abilities


You were on level 3 of the Dungeon.
You visited 1 branch of the dungeon, and saw 3 of its levels.

You collected 216 gold pieces.


Innate Abilities, Weirdness & Mutations

You have a pair of horns on your head.
You reflexively headbutt those who attack you in melee.


   Skills:
 + Level 2.2 Fighting
 - Level 5.0 Ranged Weapons
 - Level 1.2 Armour
 - Level 2.1 Dodging
 - Level 1.0 Spellcasting
 - Level 2.0 Hexes


You had 4 spell levels left.
You knew the following spells:

 Your Spells              Type           Power      Damage    Failure   Level
a - Slow                  Hex            16%        N/A       32%         1

Your spell library contained the following spells:

 Spells                   Type           Power      Damage    Failure   Level
 Inner Flame              Hex/Fire       2%         N/A       82%         3
 Portal Projectile        Hex/Tloc       4%         N/A       82%         3
 Cause Fear               Hex            2%         N/A       97%         4

Inventory:

Hand Weapons
 Y - a +1 sling (weapon)
Armour
 e - a +0 ring mail (worn)
 k - a +0 pair of boots
Scrolls
 c - a scroll of identify
 i - a scroll of vulnerability {unknown}
Potions
 b - a potion of resistance
 d - a potion of heal wounds
 f - a potion of berserk rage {unknown}
 g - a potion of haste {unknown}
 h - a potion of curing
 j - a potion of degeneration {unknown}

Dungeon Overview and Level Annotations

Branches:
Dungeon (3/15)

Altars:

Annotations:
D:3 Ijyb


Message History

You shoot a sling bullet. The sling bullet hits Ijyb.
Ijyb is lightly wounded.
Ijyb screams, "I cut your head off!"
Ijyb zaps a wand.
The roots erupt in riotous growth!
The grasping roots grab you! The grasping roots constrict you.
You hear a shout!
You shoot a sling bullet. The sling bullet closely misses Ijyb.
The grasping roots constrict you.
You shoot a sling bullet. The sling bullet closely misses Ijyb.
Ijyb hits you but does no damage. The grasping roots constrict you.
The grasping roots release their grip on you.
You shoot a sling bullet. The sling bullet barely misses Ijyb.
You hear an angry hiss.
Ijyb barely misses you.
You shoot a sling bullet. The sling bullet barely misses Ijyb.
Ijyb hits you with a +0 dagger.
An adder comes into view.
Ijyb closely misses you.
You shoot a sling bullet.
The sling bullet hits Ijyb but does no damage.
Ijyb is lightly wounded.
Ijyb completely misses you. You furiously retaliate!
You headbutt Ijyb. You shoot a sling bullet. The sling bullet hits Ijyb.
Ijyb is moderately wounded.
Ijyb closely misses you. The adder bites you.
You shoot a sling bullet. The sling bullet hits Ijyb.
Ijyb is moderately wounded.
The adder bites you.
Ijyb zaps a wand.
The roots erupt in riotous growth!
The grasping roots grab you!
Ijyb is unaffected.
The adder is unaffected.
The grasping roots constrict you! The adder barely misses you.
Ijyb closely misses you. You furiously retaliate!
You headbutt Ijyb, but do no damage. The grasping roots constrict you.
You hear a bark! x2
2051 ||| READING scroll of teleportation.
As you read the scroll of teleportation, it crumbles to dust.
You feel strangely unstable. The adder barely misses you.
Ijyb hits you with a +0 dagger. The grasping roots constrict you.
You die...

.... #...# #+
....##...+....
.####'...[..#.#.#
.#...'......'...#
.'...#......###.#######
#...'......+.........
##...#......##..#.#.#
.....#...........S..##..
.........##...[.@g...%..
.........##......#..##..
.......#######'### ....
.......# #.# ....
.......# ### ...
......## .. ......# #
......## ........#


You could see Ijyb and an adder.

Vanquished Creatures
  Robin (D:2)
  2 adders (D:2)
  2 worms (D:2)
  7 dart slugs
  4 orcs (D:3)
  7 ball pythons
  6 bats
  3 endoplasms
  A giant cockroach (D:3)
  9 goblins
  7 hobgoblins
  3 jackals (D:3)
  A frilled lizard (D:3)
  6 kobolds
  A rat (D:1)
60 creatures vanquished.

Notes
Turn   | Place    | Note
-------+----------+-------------------------------------------
     0 | D:1      | qw the Minotaur Hexslinger began the quest for the Orb.
     0 | D:1      | Reached XP level 1. HP: 16/16 MP: 1/1
     0 | D:1      | 0 ||| qw: Version: 0.3-a-24-ga2abf7b
     0 | D:1      | 0 ||| qw: Game counter: 6908
     0 | D:1      | 0 ||| qw: Melee chars always use a shield: true
     0 | D:1      | 0 ||| qw: God list: Okawaru
     0 | D:1      | 0 ||| qw: Allow faded altars: false
     0 | D:1      | 0 ||| qw: Do Orc after clearing Dungeon:15 true
     0 | D:1      | 0 ||| qw: Do second Lair branch before Depths: true
     0 | D:1      | 0 ||| qw: Lair rune preference: random
     0 | D:1      | 0 ||| qw: Goals: Normal
     0 | D:1      | 0 ||| PLANNING D:1-11
   227 | D:1      | Reached skill level 3 in Ranged Weapons
   234 | D:1      | Reached XP level 2. HP: 23/23 MP: 2/2
   683 | D:1      | 683 ||| UPGRADING to +0 ring mail.
   693 | D:1      | 693 ||| DROPPING +0 robe.
   694 | D:1      | 694 ||| READING scroll labelled CENOXZ SOHONLU.
   695 | D:1      | 695 ||| READING scroll labelled QABROE HAHAOF.
   696 | D:1      | 696 ||| READING scroll labelled ITIMO QAIPLE.
   700 | D:1      | 700 ||| DROPPING scroll of poison.
   815 | D:2      | Reached XP level 3. HP: 29/29 MP: 3/3
   817 | D:2      | Noticed Robin
   821 | D:2      | Killed Robin
   834 | D:2      | HP: 6/29 [worm (7)]
   836 | D:2      | Reached skill level 4 in Ranged Weapons
   952 | D:2      | Reached skill level 1 in Armour
  1294 | D:2      | Reached XP level 4. HP: 31/36 MP: 4/4
  1610 | D:2      | 1610 ||| READING scroll labelled IBBIHIDORR.
  1674 | D:2      | 1674 ||| DRINKING 2 ruby potions.
  1675 | D:2      | 1675 ||| DRINKING 2 orange potions.
  1676 | D:2      | 1676 ||| READING 2 scrolls of identify.
  1676 | D:2      | 1676 ||| IDENTIFYING black potion
  1721 | D:3      | 1721 ||| STAIRDANCE
  1867 | D:3      | Reached skill level 5 in Ranged Weapons
  2038 | D:3      | Noticed Ijyb
  2050 | D:3      | HP: 5/36 [constriction (7)]
  2050 | D:3      | HP: 2/36 [constriction (3)]
  2051 | D:3      | 2051 ||| READING scroll of teleportation.
  2051 | D:3      | Constricted to death by Ijyb

Levels and vault maps discovered:
D:1:      roderic_dead_forest, layout_basic, minmay_misc_feat_ornament
D:2:      layout_basic, uniq_robin
D:3:      kennysheep_slugbush, layout_basic, marbit_many_paths,
          grunt_decor_arrowhead, uniq_ijyb, uniq_jessica

Skill      XL: |  1  2  3  4 |
---------------+-------------+-----
Ranged Weapons | 3 4 5 |  5.0
Fighting       | 2 |  2.2
Armour         | 1 |  1.2
Dodging        | |  2.1
Spellcasting   | |  1.0
Hexes          | |  2.0

Action                     |  1- 3 |  4- 6 || total
---------------------------+-------+-------++-------
   Fire: Sling             |   110 |    93 ||   203
    Use: Scroll            |     3 |     3 ||     6
         Potion            |       |     2 ||     2
 Armour: Robe              |     6 |       ||     6
         Ring mail         |    11 |     8 ||    19
  Dodge: Dodged            |    26 |    29 ||    55

Table legend:
 A = Non-vault XP
 B = Vault XP
 C = Vault XP percentage of total XP
 D = Non-vault monster count
 E = Vault monster count
 F = Vault count percentage of total count
                 A         B        C        D         E       F
            +---------+---------+-------+---------+---------+-------
      Total |     116 |      52 |  31.0 |      46 |      14 |  23.3
            +---------+---------+-------+---------+---------+-------
        D:1 |      27 |       0 |   0.0 |      16 |       0 |   0.0
        D:2 |      55 |      28 |  33.7 |      14 |       8 |  36.4
        D:3 |      34 |      24 |  41.4 |      16 |       6 |  27.3
            +---------+---------+-------+---------+---------+-------
